 Dungeon Crawl Stone Soup version 0.22.1-2-g9c5b331 (webtiles) character file.

4467 myga the Carver (level 10, -11/81 HPs)
             Began as a Demonspawn Gladiator on Dec 7, 2018.
             Was a Follower of Okawaru.
             Mangled by a two-headed ogre
             ... wielding a +0 giant club
              (22 damage)
             ... on level 8 of the Dungeon on Dec 8, 2018.
             The game lasted 01:14:19 (9674 turns).

myga the Carver (Demonspawn Gladiator)              Turns: 9674, Time: 01:14:20

Health: -11/81     AC: 15    Str: 22    XL:     10   Next: 15%
Magic:  0/10       EV: 12    Int:  9    God:    Okawaru [*.....]
Gold:   270        SH:  5    Dex: 16    Spells: 9/9 levels left

rFire    . . .     SeeInvis .   F - +2 falchion
rCold    . . .     Gourm    .   t - +0 buckler
rNeg     + . .     Faith    .   x - +0 plate armour
rPois    .         Spirit   +   (helmet restricted)
rElec    .         Reflect  .   J - +0 cloak
rCorr    .         Harm     .   A - +0 pair of gloves
MR       .....                  (no boots)
Stlth    ..........             r - amulet of the acrobat
HPRegen  0.23/turn              j - +4 ring of evasion
MPRegen  0.24/turn              p - ring of positive energy

@: mighty
A: antennae 1, demonic guardian 1, robust 1, magic shield, magic regeneration
a: Heroism, Renounce Religion


You were on level 8 of the Dungeon.
You worshipped Okawaru.
Okawaru was aware of your devotion.
You were not hungry.

You visited 2 branches of the dungeon, and saw 10 of its levels.
You also visited: Sewer.

You collected 328 gold pieces.
You spent 58 gold pieces at shops.

Inventory:

Hand Weapons
 F - a +2 falchion (weapon)
Missiles
 l - 151 stones (quivered)
Armour
 b - a +0 shield
 t - a +0 buckler (worn)
 v - a +0 ring mail of magic resistance
 w - a +0 large shield of reflection
 x - a +0 plate armour (worn)
 A - a +0 pair of gloves (worn)
 J - a +0 cloak (worn)
Jewellery
 j - a +4 ring of evasion (left hand)
 p - a ring of positive energy (right hand)
 r - an amulet of the acrobat (around neck)
Wands
 d - a wand of iceblast (10)
 z - a wand of polymorph (13)
 E - a wand of paralysis (2)
Scrolls
 g - 4 scrolls of teleportation
 i - 2 scrolls of remove curse
 m - a scroll of enchant armour
 q - 2 scrolls of immolation
 s - a scroll of random uselessness
 u - 3 scrolls of fog
 y - a scroll of blinking
 B - a scroll of noise
 C - 3 scrolls of identify
 D - a scroll of magic mapping
 G - a scroll of vulnerability
Potions
 a - a potion of invisibility
 e - a potion of curing
 h - 4 potions of lignification
 k - 3 potions of might
 n - 3 potions of brilliance
 o - 3 potions of heal wounds
Comestibles
 c - 5 chunks of flesh
 f - 20 rations


   Skills:
 + Level 5.3 Fighting
 + Level 8.5 Long Blades
 + Level 6.7 Throwing
 + Level 5.5 Armour
 + Level 4.2 Dodging
 + Level 1.6 Stealth
 + Level 3.1 Shields
 + Level 0.2 Unarmed Combat


You had 9 spell levels left.
You didn't know any spells.
Your spell library was empty.

Dungeon Overview and Level Annotations

Branches:
Dungeon (9/15)             Temple (1/1) D:7
   Lair: D:8-11         Orc: D:9-12

Altars:
Ashenzari
Cheibriados
Dithmenos
Elyvilon
Fedhas
Gozag
Hepliaklqana
Kikubaaqudgha
Makhleb
Nemelex Xobeh
Okawaru
Ru
Sif Muna
Trog
Uskayaw
Vehumet
Wu Jian
Xom
Yredelemnul
Zin
The Shining One

Shops:
D:5 !   D:7 [(::


Innate Abilities, Weirdness & Mutations

You have a pair of small antennae on your head.
A weak demonic guardian rushes to your aid.
You are robust. (+10% HP)
When hurt, damage is shared between your health and your magic reserves.
You regenerate magic rapidly.


Message History

The two-headed ogre is moderately wounded.
The two-headed ogre hits you with a giant club!!
* * * LOW HITPOINT WARNING * * *
The two-headed ogre closely misses you.
You see here a giant spiked club.
You feel much better.
There is an open door here.
The two-headed ogre completely misses you.
You block the two-headed ogre's attack.
You feel very mighty all of a sudden.
You barely miss the two-headed ogre.
The two-headed ogre is moderately wounded.
The two-headed ogre misses you.
You riposte.
You slash the two-headed ogre!
The two-headed ogre is heavily wounded.
The two-headed ogre hits you with a giant spiked club!
* * * LOW HITPOINT WARNING * * *
You slash the two-headed ogre!
The two-headed ogre is heavily wounded.
The two-headed ogre hits you with a giant club!!
You die...

.######### #.... .#.......#
##############.... .#.......#
#>(.........##.... .#.......#
#†#####.....##.... .#.......# #.#
#.....##.... .#.......##### #)#
##....##.... .#...........###'###
#....##.... .#...........#..O..#
#....##.... .#####.......#..@5.#
#....##....
.#####.....###.....####....##....
.....)....##.#######.##..........
######...##...##⌠##...##.........
#...#_....∩.∩...._###.......
#...##...##.##...## ##......
#....##.##⌠.⌠##.######......
#.....#####∩#####....'......
#.......# #....#######....).


You could see a two-headed ogre and a friendly white imp.

Vanquished Creatures
  Pikel (D:6)
  Maurice (D:8)
  Grinder (D:6)
  2 hippogriffs (D:6)
  A hornet zombie (D:7)
  3 ice beasts
  An ogre (D:8)
  A centaur (D:5)
  5 bullfrogs
  A wyvern zombie (D:7)
  A big kobold (Sewer)
  A scorpion (D:8)
  9 killer bees
  A howler monkey (D:5)
  5 wights
  A crimson imp (D:5)
  2 jellies
  A gnoll shaman (D:8)
  2 hounds
  5 orc priests
  A bullfrog skeleton (D:6)
  A centaur skeleton (D:5)
  4 iguanas
  Terence (D:2)
  7 orc wizards
  5 worker ants
  A killer bee zombie (D:6)
  2 worker ant zombies (D:5)
  5 gnolls (D:8)
  8 adders
  An adder zombie (D:6)
  3 worms
  A dart slug (D:4)
  9 leopard geckos
  27 orcs
  4 ball pythons
  5 giant cockroaches
  5 goblins
  13 hobgoblins
  13 jackals
  5 quokkas
  8 bats
  9 frilled lizards
  12 kobolds
  7 rats
202 creatures vanquished.

Vanquished Creatures (collateral kills)
  Prince Ribbit (D:6)
  An orc warrior (D:6)
  A black bear (D:6)
  A slave (D:6)
  A scorpion (D:6)
  2 wights (D:7)
  A hound (D:4)
  2 orc priests
  3 orc wizards
  A worker ant (D:4)
  An adder (D:4)
  An adder skeleton (D:4)
  3 orcs
  2 jackals (D:3)
  A frilled lizard (D:4)
22 creatures vanquished.

Vanquished Creatures (others)
  An orc wizard (D:4)
1 creature vanquished.

Grand Total: 225 creatures vanquished

Notes
Turn   | Place    | Note
-------+----------+-------------------------------------------
     0 | D:1      | myga the Demonspawn Gladiator began the quest for the Orb.
     0 | D:1      | Reached XP level 1. HP: 16/16 MP: 1/1
   151 | D:1      | Gained mutation: When hurt, damage is shared between your
                  | health and your magic reserves. [demonic ancestry]
   151 | D:1      | Reached XP level 2. HP: 12/22 MP: 2/2
   711 | D:1      | Reached skill level 3 in Long Blades
   975 | D:1      | Gained mutation: A weak demonic guardian rushes to your
                  | aid. [demonic ancestry]
   975 | D:1      | Reached XP level 3. HP: 27/27 MP: 3/3
  1300 | D:2      | Found a shimmering altar of Xom.
  1653 | D:2      | Noticed Terence
  1699 | D:2      | Killed Terence
  1834 | D:2      | Gained mutation: You regenerate magic rapidly. [demonic
                  | ancestry]
  1834 | D:2      | Reached XP level 4. HP: 34/34 MP: 4/4
  2320 | D:3      | Reached skill level 1 in Armour
  2393 | D:3      | Reached skill level 4 in Long Blades
  2393 | D:3      | Reached XP level 5. HP: 28/39 MP: 5/5
  3365 | D:4      | Reached XP level 6. HP: 45/46 MP: 4/6
  3538 | D:4      | Found a glowing drain.
  3546 | Sewer    | Entered a sewer
  3770 | Sewer    | Reached skill level 5 in Long Blades
  4119 | D:4      | Reached XP level 7. HP: 52/52 MP: 7/7
  4230 | D:4      | Reached skill level 1 in Shields
  4404 | D:5      | Entered Level 5 of the Dungeon
  4684 | D:5      | Found Plog's Distillery.
  5599 | D:6      | Reached skill level 6 in Long Blades
  5660 | D:6      | Noticed Prince Ribbit
  5666 | D:6      | Killed Prince Ribbit
  5666 | D:6      | Gained mutation: You have a pair of small antennae on your
                  | head. [demonic ancestry]
  5666 | D:6      | Reached XP level 8. HP: 60/60 MP: 8/8
  5920 | D:6      | Noticed Pikel
  5938 | D:6      | Reached skill level 5 in Throwing
  5948 | D:6      | Killed Pikel
  5948 | D:6      | Reached skill level 7 in Long Blades
  6401 | D:6      | Noticed Grinder
  6425 | D:6      | Killed Grinder
  6425 | D:6      | Gained mutation: You are robust. (+10% HP) [demonic
                  | ancestry]
  6425 | D:6      | Reached XP level 9. HP: 57/71 MP: 9/9
  6738 | D:7      | Found a staircase to the Ecumenical Temple.
  6834 | D:6      | Reached skill level 1 in Stealth
  7023 | D:7      | Found a blossoming altar of Fedhas.
  7436 | D:7      | Found Plog's Antique Weapon Shop.
  7440 | D:7      | Found a sparkling altar of Nemelex Xobeh.
  7453 | D:7      | Found Jekly's Armour Shop.
  7466 | D:7      | Reached skill level 5 in Armour
  7643 | Temple   | Entered the Ecumenical Temple
  7967 | Temple   | Became a worshipper of Warmaster Okawaru
  8016 | D:7      | Found Itai's Book Emporium.
  8056 | D:7      | Reached skill level 8 in Long Blades
  8089 | D:7      | Found Xyaba's Weapon Emporium.
  8257 | D:7      | Found Xor Zuel's Book Shop.
  8371 | D:6      | Reached skill level 5 in Fighting
  8604 | D:7      | Bought a +0 cloak for 58 gold pieces
  8709 | D:8      | Noticed Maurice
  8712 | D:8      | Paralysed by Maurice for 6 turns
  8777 | D:8      | Paralysed by something for 7 turns
  8796 | D:8      | Paralysed by something for 2 turns
  8900 | D:8      | Found a radiant altar of Vehumet.
  8900 | D:8      | Found a deep blue altar of Sif Muna.
  9078 | D:8      | Paralysed by something for 4 turns
  9088 | D:8      | Paralysed by something for 3 turns
  9097 | D:8      | Killed Maurice
  9097 | D:8      | Reached * piety under Okawaru
  9097 | D:8      | Reached XP level 10. HP: 78/81 MP: 10/10
  9493 | D:9      | Noticed a two-headed ogre
  9666 | D:8      | HP: 2/81 [two-headed ogre/giant club (18)]
  9674 | D:8      | Mangled by a two-headed ogre

Skill      XL: |  1  2  3  4  5  6  7  8  9 |
---------------+----------------------------+-----
Throwing       | 2 3 4 5 6 |  6.7
Dodging        | 3 4 |  4.2
Long Blades    | 3 4 5 6 7 8 |  8.5
Armour         | 1 2 3 5 |  5.5
Fighting       | 3 4 5 |  5.3
Shields        | 1 2 3 |  3.1
Stealth        | 1 |  1.6
Unarmed Combat | |  0.2

Action                   |  1- 3 |  4- 6 |  7- 9 | 10-12 || total
-------------------------+-------+-------+-------+-------++-------
Melee: Long sword        |    89 |   192 |   205 |       ||   486
       Unarmed           |     6 |       |       |       ||     6
       Falchion          |       |       |   227 |    46 ||   273
Throw: Stone             |    11 |       |    58 |     4 ||    73
       Javelin           |     1 |    81 |    96 |     6 ||   184
       Throwing net      |       |       |     3 |       ||     3
Invok: Heroism           |       |       |       |     1 ||     1
  Use: Scroll            |     4 |    10 |     4 |     1 ||    19
       Potion            |       |     2 |     3 |     2 ||     7
 Stab: Distracted        |       |     1 |     3 |       ||     4
  Eat: Chunk             |     3 |     8 |    13 |     2 ||    26
       Ration            |       |       |     1 |       ||     1
Armor: Leather armour    |    29 |       |       |       ||    29
       Chain mail        |       |    94 |    30 |       ||   124
       Ring mail         |       |       |    12 |       ||    12
       Plate armour      |       |       |   131 |    23 ||   154
Dodge: Dodged            |    71 |   105 |   238 |    47 ||   461
Block: Buckler           |       |    26 |    87 |    20 ||   133
       Rpst.: Long sword |    29 |    31 |    43 |       ||   103
       Falchion          |       |       |    29 |    11 ||    40
